 Dungeon Crawl Stone Soup version 0.27.1-1-g398f81649c (webtiles) character file.

Game seed: 9087190619525565713

10548 phibes the Fighter (level 11, -2/90 HPs)
             Began as a Mummy Necromancer on Sept 10, 2021.
             Was an Elder of Kikubaaqudgha.
             Slain by a warg (7 damage)
             ... on level 9 of the Dungeon.
             The game lasted 03:46:15 (17304 turns).

phibes the Fighter (Mummy Necromancer)             Turns: 17304, Time: 03:46:27

Health: -2/90      AC: 13    Str: 15    XL:     11   Next: 37%
Magic:  15/15      EV:  9    Int: 16    God:    Kikubaaqudgha [****..]
Gold:   442        SH:  0    Dex: 18    Spells: 13/15 levels left

rFire    x . .     SeeInvis .   K - +10 long sword of the Singing Visionary {flame, Will++}
rCold    + . .     Faith    .   (no shield)
rNeg     + + +     Spirit   .   L - +1 chain mail {Will+}
rPois    ∞         Reflect  .   D - +0 helmet of Limum {Str+2 Dex+5}
rElec    .         Harm     .   s - scarf {repulsion}
rCorr    .         Rampage  .   t - +0 pair of gloves
Will     ++++.                  l - +0 pair of boots
Stlth    ..........             o - amulet of the acrobat
HPRegen  0.25/turn              (no ring)
MPRegen  0.14/turn              (no ring)

@: about to teleport, repel missiles
A: cold resistance 1, negative energy resistance 3, torment resistance 2, heat
vulnerability 1, no potions
a: Renounce Religion, Receive Corpses


You were on level 9 of the Dungeon.
You worshipped Kikubaaqudgha.
Kikubaaqudgha was greatly pleased with you.
You visited 3 branches of the dungeon, and saw 11 of its levels.

You collected 640 gold pieces.
You spent 198 gold pieces at shops.

Inventory:

Hand Weapons
 c - a +0 short sword of protection
 k - a +3 dagger of chaos
 n - a +2 trident
 p - a +2 vorpal spear
 q - a +0 dagger of flaming
 r - a +0 scimitar of freezing
 z - a +2 dagger of venom
 A - a +0 hunting sling
 K - the +10 long sword of the Singing Visionary (weapon) {flame, Will++}
   (You found it on level 6 of the Dungeon)

   It burns those it strikes, dealing additional fire damage.
   Big, fiery blades are also staple armaments of hydra-hunters.
   Will:      It greatly increases your willpower.
 M - a +0 flail of venom
 O - a +3 great sword
 Q - the +5 long sword "Plog" {vorpal, +Rage rC+}
   (You found it on level 6 of the Dungeon)

   It inflicts extra damage upon your enemies.
   rC:        It protects you from cold.
   +Rage:     It lets you go berserk.
 R - a +3 short sword
 T - a +3 scimitar
 U - a +2 falchion
 V - a +2 whip of flaming
 W - a +3 dagger of freezing
 X - a +4 trident
 Y - a +2 long sword
Missiles
 e - 240 stones
 f - 2 silver boomerangs
 w - 5 boomerangs
 E - 3 curare-tipped darts
Armour
 a - a +0 plate armour
 l - a +0 pair of boots (worn)
 s - a scarf of repulsion (worn)
 t - a +0 pair of gloves (worn)
 u - a +0 pair of gloves
 v - a +0 leather armour
 x - a +0 ring mail
 B - a +0 robe
 C - a +0 chain mail
 D - the +0 helmet of Limum (worn) {Str+2 Dex+5}
   (You found it on level 7 of the Dungeon)

   Str:       It affects your strength (+2).
   Dex:       It affects your dexterity (+5).
 G - a scarf of repulsion
 L - a +1 chain mail of willpower (worn)
 N - a +0 ring mail
 P - a +0 robe of willpower
 Z - a +4 scale mail
Magical Staves
 y - a staff of cold
Jewellery
 o - an amulet of the acrobat (around neck)
 F - a ring of protection from cold
Wands
 i - a wand of polymorph (9)
 m - a wand of mindburst (12) (quivered)
 I - a wand of flame (27)
 J - a wand of paralysis (3)
 S - a wand of iceblast (7)
Scrolls
 b - a scroll of amnesia {unknown}
 d - 5 scrolls of identify
 g - 2 scrolls of fog
 h - 3 scrolls of enchant weapon
 j - 2 scrolls of teleportation
 H - 3 scrolls of fear


   Skills:
 - Level 10.0 Fighting
 - Level 4.8(7.6) Short Blades
 + Level 9.2(9.7) Long Blades
 + Level 3.0 Armour
 * Level 6.3 Dodging
 - Level 1.5 Stealth
 - Level 2.6 Spellcasting
 - Level 4.0 Necromancy
 + Level 0.7 Evocations


You had 13 spell levels left.
You knew the following spells:

 Your Spells              Type           Power      Damage    Failure   Level
a - Pain                  Necr           56%        1d6       58%         1
b - Animate Skeleton      Necr           28%        N/A       58%         1

Your spell library contained the following spells:

 Spells                   Type           Power      Damage    Failure   Level
 Vampiric Draining        Necr           7%         2d7       92%         3
 Corpse Rot               Necr/Air       N/A        N/A       95%         2
 Passwall                 Tmut/Erth      1%         N/A       99%         2
 Gell's Gravitas          Tloc           1%         N/A       100%        3
 Lesser Beckoning         Tloc           1%         N/A       100%        3
 Swiftness                Air            2%         N/A       100%        3
 Teleport Other           Tloc           2%         N/A       100%        3
 Tukima's Dance           Hex            2%         N/A       100%        3
 Animate Dead             Necr           7%         N/A       100%        4
 Dispel Undead            Necr           14%        3d10      100%        4
 Passage of Golubria      Tloc           N/A        N/A       100%        4
 Agony                    Necr           14%        N/A       100%        5
 Borgnjor's Vile Clutch   Necr/Erth      4%         N/A       100%        5
 Excruciating Wounds      Necr           7%         N/A       100%        5
 Yara's Violent Unravell  Hex/Tmut       1%         3d3       100%        5
 Invisibility             Hex            1%         N/A       100%        6
 Simulacrum               Ice/Necr       4%         N/A       100%        6


Dungeon Overview and Level Annotations

Branches:
Dungeon (9/15)             Temple (1/1) D:4            Lair (0/6) D:9
    Orc (1/2) D:9

Altars:
Ashenzari
Cheibriados
Dithmenos
Elyvilon
Fedhas
Gozag
Hepliaklqana
Kikubaaqudgha
Makhleb
Nemelex Xobeh
Okawaru
Qazlal
Sif Muna
Trog
Uskayaw
Vehumet
Wu Jian
Yredelemnul
Zin
The Shining One

Shops:
D:6 [   D:7 *

Annotations:
D:9 exclusion: orange crystal statue


Innate Abilities, Weirdness & Mutations

You are immune to poison.
Your flesh is cold resistant. (rC+)
You are immune to negative energy. (rN+++)
You are immune to unholy pain and torment.
You are vulnerable to heat. (rF-)
You do not drink.


Message History

Things that are here:
a +0 robe; an orc skeleton The warg bites you.
The warg misses you.
You riposte.
You closely miss the warg.
The warg is almost dead.
There is a staircase back to the Dungeon here.
The warg bites you but does no damage. x3; The warg bites you.
The warg bites you but does no damage. x2
You climb upwards.
Welcome back to the Dungeon!
Level annotation: exclusion: orange crystal statue
There is a staircase to the Orcish Mines here.
You slash the warg! You burn the warg!
The warg is severely wounded.
The warg bites you! The warg bites you but does no damage. The warg bites you.
The warg barely misses you.
You slash the warg! You burn the warg.
You kill the warg!
Kikubaaqudgha accepts your kill. The warg barely misses you.
The warg bites you! The warg closely misses you.
You riposte.
You hit the warg. You burn the warg.
The warg is moderately wounded.
The warg bites you.
Your Armour skill increases to level 3!
Press: ? - help, v - describe, . - travel A staircase to the Orcish Mines.
Unknown command.
You closely miss the warg. The warg completely misses you.
The warg bites you but does no damage. The warg bites you!
* * * LOW HITPOINT WARNING * * *
The warg bites you.
* * * LOW HITPOINT WARNING * * *
Unknown command.
Unknown command.
As you read the scroll of teleportation, it crumbles to dust.
You feel strangely unstable. The warg closely misses you.
The warg bites you but does no damage. The warg bites you!
* * * LOW HITPOINT WARNING * * *
The warg bites you!
You die...
Kikubaaqudgha rasps: "You have failed me!
Welcome... oblivion!"

.....?.##.......#.##...##..#..##.
......###.......#..#....##)#####.
................##.##....#.#####.
8......##(.......#..##...#..#..##
.......##........##..###....###.#
.......##.........##..)####.###..
.......##.>...[....###......#....
...............h.[#.#####........
................@)#.##..#####....
#..............hh.#......## #....
..................).......###....
#...............#.........##....
##.............#...........##[...
#........##...##..##.##....######
#.......########..#≈.≈#....#
#.......# #..#≈.≈#....# ##.....##
#..#≈.≈#...##


You could see 3 wargs.

Vanquished Creatures
  A two-headed ogre (D:9)
  An orc high priest (D:9)
  Pikel (D:5)
  An orc sorcerer (Orc:1)
  A gargoyle (D:9)
  Psyche (D:9)
  Grinder (D:3)
  A vampire (D:8)
  A shadow (D:9)
  7 yaks
  Eustachio (D:5)
  A wyvern (D:9)
  5 humans (D:8)
  Menkaure (D:4)
  2 wargs
  Edmund (D:5)
  3 water moccasins
  6 orc warriors
  A black bear (D:4)
  3 necrophages (D:6)
  2 ogres
  4 lemures
  6 centaurs
  4 kobold brigands
  4 bullfrogs
  2 scorpions (D:5)
  A water moccasin zombie (D:9)
  4 killer bees
  16 wights
  6 howler monkeys
  6 electric eels (D:9)
  3 bullfrog zombies
  5 centaur zombies
  7 hounds
  A centaur skeleton (D:7)
  6 orc priests
  A gnoll shaman (D:6)
  Ijyb (D:3)
  5 orc wizards
  An iguana (D:3)
  A mummy (D:6)
  2 howler monkey zombies
  4 gnolls
  A howler monkey skeleton (D:7)
  8 adders
  A shadow imp (D:7)
  An ufetubus (D:3)
  2 worms
  6 dart slugs
  17 orcs
  7 ball pythons
  8 endoplasms
  2 giant cockroaches
  8 goblins
  8 hobgoblins
  4 jackals
  2 quokkas (D:3)
  8 bats
  2 frilled lizards (D:1)
  3 hobgoblin zombies (D:6)
  23 kobolds
  An orc zombie (D:6)
  3 rats
247 creatures vanquished.

Vanquished Creatures (collateral kills)
  A goblin (D:3)
1 creature vanquished.

Vanquished Creatures (others)
  15 plants (D:9)
15 creatures vanquished.

Grand Total: 263 creatures vanquished

Notes
Turn   | Place    | Note
-------+----------+-------------------------------------------
     0 | D:1      | phibes the Mummy Necromancer began the quest for the Orb.
     0 | D:1      | Reached XP level 1. HP: 13/13 MP: 4/4
   565 | D:1      | Reached skill level 1 in Fighting
   641 | D:1      | Reached XP level 2. HP: 21/21 MP: 1/5
  1222 | D:1      | Learned a level 1 spell: Animate Skeleton
  1324 | D:1      | Reached XP level 3. HP: 20/27 MP: 1/7
  1793 | D:2      | Reached skill level 2 in Fighting
  1793 | D:2      | Reached skill level 1 in Short Blades
  2447 | D:3      | Reached XP level 4. HP: 34/34 MP: 4/8
  2693 | D:3      | Noticed an ice beast
  3014 | D:3      | Found a faded altar of an unknown god.
  3214 | D:3      | Became a worshipper of Kikubaaqudgha
  3214 | D:3      | Reached * piety under Kikubaaqudgha
  3214 | D:3      | Received a gift from Kikubaaqudgha
  3384 | D:4      | Noticed Ijyb
  3673 | D:3      | Reached XP level 5. HP: 14/40 MP: 6/9
  3962 | D:3      | Reached skill level 3 in Fighting
  4003 | D:3      | Killed Ijyb
  4167 | D:4      | Found a staircase to the Ecumenical Temple.
  4227 | D:4      | Noticed a black bear
  4327 | D:4      | Found a stormy altar of Qazlal.
  4377 | D:4      | You fall into a shaft and drop 1 floor!
  4377 | D:5      | Entered Level 5 of the Dungeon
  4387 | D:5      | Found a radiant altar of Vehumet.
  4413 | D:4      | Noticed Menkaure
  4627 | D:4      | Noticed Grinder
  4803 | D:3      | Paralysed by Grinder for 5 turns
  4817 | D:3      | Paralysed by Grinder for 7 turns
  4916 | D:4      | Noticed an ogre
  5250 | D:3      | Paralysed by Grinder for 4 turns
  5476 | D:3      | Reached XP level 6. HP: 27/47 MP: 10/10
  5972 | D:4      | Reached skill level 4 in Fighting
  6042 | Temple   | Entered the Ecumenical Temple
  6256 | D:3      | Paralysed by Grinder for 6 turns
  6271 | D:3      | Paralysed by Grinder for 5 turns
  6292 | D:3      | Killed Grinder
  6293 | D:3      | Reached XP level 7. HP: 21/55 MP: 11/11
  7195 | D:5      | Reached skill level 5 in Fighting
  7349 | D:5      | Noticed Eustachio
  7398 | D:6      | Noticed Pikel
  7708 | D:6      | Found Ufoen's Armour Shoppe.
  7784 | D:5      | Reached XP level 8. HP: 39/63 MP: 12/12
  7907 | D:6      | Identified the +10 long sword of the Singing Visionary
                  | {flame, Will++}
  8005 | D:6      | Bought a +1 chain mail of willpower for 198 gold pieces
  8333 | D:6      | Noticed Edmund
  8360 | D:5      | Killed Edmund
  8361 | D:5      | Reached skill level 6 in Fighting
  8598 | D:4      | Killed Menkaure
  8785 | D:5      | Killed Eustachio
  8786 | D:5      | Reached skill level 1 in Long Blades
  9247 | D:5      | Reached skill level 7 in Fighting
  9540 | D:6      | Identified the +5 long sword "Plog" {vorpal, +Rage rC+}
  9645 | D:6      | Found an ancient bone altar of Kikubaaqudgha.
  9768 | D:6      | Reached ** piety under Kikubaaqudgha
  9837 | D:6      | Reached XP level 9. HP: 71/72 MP: 13/13
 10060 | D:7      | Found Vyosterr's Gadget Gallery.
 10739 | D:5      | Killed Pikel
 10740 | D:5      | Reached skill level 8 in Fighting
 10740 | D:5      | Reached skill level 5 in Long Blades
 11117 | D:7      | Identified the +0 helmet of Limum {Str+2 Dex+5}
 11286 | D:7      | Reached skill level 5 in Dodging
 11291 | D:7      | Found a basalt altar of Yredelemnul.
 12076 | D:8      | Reached *** piety under Kikubaaqudgha
 12076 | D:8      | Received a gift from Kikubaaqudgha
 12290 | D:8      | Reached XP level 10. HP: 67/82 MP: 14/14
 12598 | D:8      | Found a blossoming altar of Fedhas.
 12739 | D:8      | Reached skill level 9 in Fighting
 13796 | D:9      | Noticed Psyche
 14020 | D:9      | Noticed a two-headed ogre
 14213 | D:9      | Reached **** piety under Kikubaaqudgha
 14928 | D:9      | Reached skill level 10 in Fighting
 15047 | D:9      | Found an opulent altar of Gozag.
 15106 | D:9      | Killed a two-headed ogre
 15107 | D:9      | Reached skill level 1 in Armour
 15107 | D:9      | Reached XP level 11. HP: 68/90 MP: 15/15
 15480 | D:9      | Noticed an orange crystal statue
 15663 | D:9      | Found the +7 great mace "Firestarter" {inner flame, rF++}
 15704 | D:9      | Found a bloodstained altar of Trog.
 15734 | D:9      | Found a burning altar of Makhleb.
 15734 | D:9      | Noticed a green death
 15835 | D:9      | Found a staircase to the Lair.
 15868 | D:9      | Killed Psyche
 16099 | D:9      | Found a staircase to the Orcish Mines.
 16234 | Orc:1    | Entered Level 1 of the Orcish Mines
 16242 | Orc:1    | Noticed an orc sorcerer
 16260 | Orc:1    | Killed an orc sorcerer
 16268 | Orc:1    | Noticed an orc high priest
 16378 | Orc:1    | Noticed a sun demon
 16783 | D:9      | Killed an orc high priest
 17304 | D:9      | Slain by a warg

Illustrated notes

Levels and vault maps discovered:
D:1:      minmay_arrival_loop, layout_basic, serial_rivers,
          chequers_serial_rivers_marsh, chequers_serial_rivers_small_b,
          chequers_serial_rivers_small_b, chequers_serial_rivers_large_a,
          chequers_serial_rivers_small_3, kennysheep_pointless_box,
          kennysheep_nondescript
D:2:      layout_rooms, interstate_on_off, kennysheep_another_room,
          chequers_big_river, solitary_fountain, minmay_pentomino_r2
D:3:      layout_loops_ring, shapermc_ecumenical_altar_venn,
          kennysheep_generic_room_16
D:4:      layout_rooms, grunt_qazlal_clouds, minmay_temple_entry_grid,
          uniq_ijyb, uniq_grinder, uniq_menkaure
D:5:      layout_basic, vehumet_crystals, amcnicky_altar_gilded, uniq_eustachio
D:6:      layout_rooms, nicolae_kikubaaqudgha_miasma_corner,
          nicolae_stop_n_shop_2, minmay_mini_ossuary, uniq_edmund, uniq_pikel
D:7:      layout_cave_pools, lemuel_zombie_altar_yredelemnul, enter_bailey_3,
          nicolae_shop_gadgets
D:8:      erik_cavepeople, layout_rooms, fedhas_ov_isle_minmay,
          minmay_crystal_room
D:9:      minmay_evil_eye, layout_rooms,
          nicolae_gozag_cash_rules_everything_around_me,
          makhleb_altar_promises_db, lemuel_round_altar, orc_0_dummy,
          serial_bayou, serial_bayou_lake_a, serial_bayou_pond_d,
          serial_bayou_pond_b, serial_bayou_pond_b, minivault_16,
          amcnicky_mini_rare_corridor_liquid, uniq_psyche
Temple:   minmay_temple_curvy_loop
Orc:1:    minmay_goldmine, layout_caves, mines5_lemuel

Skill      XL: |  1  2  3  4  5  6  7  8  9 10 11 |
---------------+----------------------------------+-----
Fighting       | 1 2 3 4 5 7 8 10 | 10.0
Dodging        | 2 3 4 5 6 |  6.3
Short Blades   | 1 2 3 4 |  4.8
Long Blades    | 2 6 8 9 |  9.2
Armour         | 1 3 |  3.0
Stealth        | |  1.5
Spellcasting   | |  2.6
Necromancy     | |  4.0
Evocations     | |  0.7

Action                   |  1- 3 |  4- 6 |  7- 9 | 10-12 || total
-------------------------+-------+-------+-------+-------++-------
Melee: Unarmed           |    14 |       |       |       ||    14
       Dagger            |    12 |    72 |   144 |       ||   228
       Short sword       |    70 |   146 |       |       ||   216
       Long sword        |       |       |   172 |   285 ||   457
 Cast: Pain              |    54 |    49 |     6 |       ||   109
       Animate Skeleton  |     2 |     6 |     1 |       ||     9
Evoke: Wand              |       |       |     2 |       ||     2
  Use: Scroll            |     5 |     1 |     4 |     2 ||    12
 Stab: Sleeping          |     2 |       |       |       ||     2
Armor: Robe              |    31 |    25 |       |       ||    56
       Ring mail         |       |    62 |    53 |       ||   115
       Leather armour    |       |     5 |       |       ||     5
       Chain mail        |       |       |   114 |   126 ||   240
Dodge: Dodged            |    70 |   160 |   225 |   174 ||   629
       Repelled          |       |     2 |     1 |     5 ||     8
       Rpst.: Long sword |       |       |    17 |    45 ||    62
